% Time on Ice - EDMONTON ICE
Lines # - Real PCT - Wanted PCT - Time Play
Normal Forward
1 - 34% - 37% - 17:49
2 - 34% - 35% - 17:30
3 - 23% - 22% - 11:53
4 - 10% - 6% - 5:02
Normal Defense
1 - 35% - 36% - 18:27
2 - 34% - 34% - 17:54
3 - 26% - 23% - 13:31
4 - 5% - 7% - 2:22
PP Forward
1 - 54% - 60% - 2:02
2 - 46% - 40% - 1:46
PP Defense
1 - 55% - 55% - 2:06
2 - 45% - 45% - 1:42
PK Forward
1 - 52% - 55% - 2:03
2 - 48% - 45% - 1:55
PK Defense
1 - 46% - 55% - 1:50
2 - 54% - 45% - 2:08
PK3 Forward
1 - 0% - 55%
2 - 0% - 45%
PK3 Defense
1 - 0% - 55%
2 - 0% - 45%
44 Forward
1 - 0% - 55%
2 - 0% - 45%
44 Defense
1 - 0% - 55%
2 - 0% - 45%
Last Minute Offensive  - 0:00
Last Minute Defensive  - 0:00
Total
Forward - 60:00
Defense - 60:00
% Time on Ice - LAS VEGAS LIZARD KINGS
Lines # - Real PCT - Wanted PCT - Time Play
Normal Forward
1 - 33% - 32% - 17:26
2 - 31% - 31% - 16:20
3 - 30% - 30% - 15:27
4 - 6% - 7% - 3:01
Normal Defense
1 - 38% - 43% - 19:48
2 - 35% - 42% - 18:07
3 - 27% - 15% - 14:19
4 - 0% - 0% - 0:00
PP Forward
1 - 67% - 70% - 2:39
2 - 33% - 30% - 1:19
PP Defense
1 - 83% - 70% - 3:17
2 - 17% - 30% - 0:41
PK Forward
1 - 100% - 65% - 3:48
2 - 0% - 35% - 0:00
PK Defense
1 - 60% - 75% - 2:17
2 - 40% - 25% - 1:31
PK3 Forward
1 - 0% - 55%
2 - 0% - 45%
PK3 Defense
1 - 0% - 50%
2 - 0% - 50%
44 Forward
1 - 0% - 55%
2 - 0% - 45%
44 Defense
1 - 0% - 55%
2 - 0% - 45%
Last Minute Offensive  - 0:00
Last Minute Defensive  - 0:00
Total
Forward - 60:00
Defense - 60:00
Play-by-Play 1st period 0:01 of 1st period - Ryan O'Reilly wins face-off versus Sean Monahan in neutral zone. 0:20 of 1st period - Shot by Anthony Mantha. 0:20 of 1st period - Shot Blocked by Brayden McNabb. 0:38 of 1st period - Shot by Johnny Gaudreau. 0:38 of 1st period - Stopped by Philipp Grubauer without a rebound. 0:39 of 1st period - Valtteri Filppula wins face-off versus Ryan Nugent-Hopkins in EDMONTON ICE zone. 1:10 of 1st period - Shot by Jaden Schwartz. 1:10 of 1st period - Shot Misses the Net. 1:50 of 1st period - Shot by Conor Sheary. 1:50 of 1st period - Shot Misses the Net. 2:21 of 1st period - Minor Penalty to Casey Nelson for Hooking. 2:22 of 1st period - Ryan O'Reilly wins face-off versus Sean Monahan in EDMONTON ICE zone. 2:30 of 1st period - Off-side. 2:31 of 1st period - Tanner Pearson wins face-off versus Sean Monahan in neutral zone. 2:43 of 1st period - Icing by Sean Monahan. 2:44 of 1st period - Eric Fehr wins face-off versus Sean Monahan in LAS VEGAS LIZARD KINGS zone. 2:48 of 1st period - Icing by Nick Jensen. 2:49 of 1st period - Sean Monahan wins face-off versus Eric Fehr in LAS VEGAS LIZARD KINGS zone. 4:17 of 1st period - Shot by Bobby Ryan. 4:17 of 1st period - Stopped by Philipp Grubauer without a rebound. 4:18 of 1st period - Sean Monahan wins face-off versus Ryan O'Reilly in EDMONTON ICE zone. 4:25 of 1st period - Shot by Derek Ryan. 4:25 of 1st period - Deflect By Joel Armia. 4:25 of 1st period - Stopped by Philipp Grubauer without a rebound. 4:26 of 1st period - Ryan O'Reilly wins face-off versus Derek Ryan in EDMONTON ICE zone. 4:48 of 1st period - Shot by Alex Petrovic. 4:48 of 1st period - Stopped by Philipp Grubauer without a rebound. 4:49 of 1st period - Sean Monahan wins face-off versus Ondrej Kase in EDMONTON ICE zone. 5:23 of 1st period - Shot by Ondrej Kase. 5:23 of 1st period - Shot Misses the Net. 5:25 of 1st period - Shot by Ondrej Kase. 5:25 of 1st period - Stopped by Marc-Andre Fleury without a rebound. 5:26 of 1st period - Ryan O'Reilly wins face-off versus Ryan Nugent-Hopkins in LAS VEGAS LIZARD KINGS zone. 5:29 of 1st period - Shot by Ryan O'Reilly. 5:29 of 1st period - Stopped by Marc-Andre Fleury without a rebound. 5:30 of 1st period - Ryan O'Reilly wins face-off versus Ryan Nugent-Hopkins in LAS VEGAS LIZARD KINGS zone. 5:59 of 1st period - Shot by Ryan O'Reilly. 5:59 of 1st period - Stopped by Marc-Andre Fleury with a rebound. 6:01 of 1st period - Shot by Patric Hornqvist. 6:01 of 1st period - Goal by Patric Hornqvist - EDMONTON ICE : 1 - LAS VEGAS LIZARD KINGS : 0. 6:02 of 1st period - Valtteri Filppula wins face-off versus Sean Monahan in neutral zone. 6:13 of 1st period - Shot by Oscar Klefbom. 6:13 of 1st period - Stopped by Marc-Andre Fleury without a rebound. 6:14 of 1st period - Derek Ryan wins face-off versus Eric Fehr in LAS VEGAS LIZARD KINGS zone. 6:21 of 1st period - Shot by Joel Armia. 6:21 of 1st period - Shot Blocked by Casey Nelson. 6:31 of 1st period - Joel Armia is hit by Eric Fehr and loses puck. 6:46 of 1st period - Shot by Conor Sheary. 6:46 of 1st period - Shot Blocked by Brayden McNabb. 6:48 of 1st period - Shot by Eric Fehr. 6:48 of 1st period - Shot Misses the Net. 7:13 of 1st period - Icing by Brayden McNabb. 7:14 of 1st period - Valtteri Filppula wins face-off versus Derek Ryan in LAS VEGAS LIZARD KINGS zone. 7:40 of 1st period - Minor Penalty to Ondrej Kase for Goalie Interference. 7:41 of 1st period - Eric Fehr wins face-off versus Sean Monahan in EDMONTON ICE zone. 8:16 of 1st period - Shot by Johnny Gaudreau. 8:16 of 1st period - Shot Misses the Net. 8:40 of 1st period - Icing by Sean Monahan. 8:41 of 1st period - Sean Monahan wins face-off versus Eric Fehr in LAS VEGAS LIZARD KINGS zone. 8:41 of 1st period - Sean Monahan is hit by Eric Fehr. 10:16 of 1st period - Shot by Ondrej Kase. 10:16 of 1st period - Shot Misses the Net. 11:09 of 1st period - Ryan O'Reilly is hit by Mark Pysyk and loses puck. 12:13 of 1st period - Shot by Sean Monahan. 12:13 of 1st period - Shot Misses the Net. 12:24 of 1st period - Icing by Oscar Klefbom. 12:25 of 1st period - Oscar Lindberg wins face-off versus Joel Armia in EDMONTON ICE zone. 12:41 of 1st period - Oscar Klefbom is hit by Derek Ryan and loses puck. 12:48 of 1st period - Shot by Joel Armia. 12:48 of 1st period - Goal by Joel Armia - EDMONTON ICE : 1 - LAS VEGAS LIZARD KINGS : 1. 12:49 of 1st period - Eric Fehr wins face-off versus Ryan Nugent-Hopkins in neutral zone. 12:58 of 1st period - Conor Sheary is hit by Mike Ferland and loses puck. 13:07 of 1st period - Shot by Bobby Ryan. 13:07 of 1st period - Shot Misses the Net. 13:33 of 1st period - Icing by Matt Niskanen. 13:34 of 1st period - Ryan O'Reilly wins face-off versus Ryan Nugent-Hopkins in LAS VEGAS LIZARD KINGS zone. 13:35 of 1st period - Shot by Patric Hornqvist. 13:35 of 1st period - Stopped by Marc-Andre Fleury without a rebound. 13:36 of 1st period - Ryan O'Reilly wins face-off versus Sean Monahan in LAS VEGAS LIZARD KINGS zone. 13:36 of 1st period - Anthony Mantha is hit by Nick Jensen. 13:44 of 1st period - Ryan O'Reilly is hit by Nino Niederreiter and loses puck. 14:00 of 1st period - Ryan O'Reilly is hit by Mark Pysyk and loses puck. 14:09 of 1st period - Shot by Patric Hornqvist. 14:09 of 1st period - Stopped by Marc-Andre Fleury with a rebound. 14:11 of 1st period - Shot by Anthony Mantha. 14:11 of 1st period - Shot Misses the Net. 14:13 of 1st period - Shot by Anthony Mantha. 14:13 of 1st period - Goal by Anthony Mantha - EDMONTON ICE : 2 - LAS VEGAS LIZARD KINGS : 1. 14:14 of 1st period - Valtteri Filppula wins face-off versus Derek Ryan in neutral zone. 14:26 of 1st period - Jaden Schwartz is hit by Alex Petrovic and loses puck. 14:41 of 1st period - Shot by Ondrej Kase. 14:41 of 1st period - Stopped by Marc-Andre Fleury without a rebound. 14:42 of 1st period - Eric Fehr wins face-off versus Ryan Nugent-Hopkins in LAS VEGAS LIZARD KINGS zone. 15:15 of 1st period - Shot by Conor Sheary. 15:15 of 1st period - Stopped by Marc-Andre Fleury without a rebound. 15:16 of 1st period - Sean Monahan wins face-off versus Ryan O'Reilly in LAS VEGAS LIZARD KINGS zone. 15:36 of 1st period - Shot by Johnny Gaudreau. 15:36 of 1st period - Deflect By Sean Monahan. 15:36 of 1st period - Shot Misses the Net. 16:29 of 1st period - Shot by Valtteri Filppula. 16:29 of 1st period - Shot Misses the Net. 16:38 of 1st period - Ondrej Kase is hit by Alex Petrovic and loses puck. 16:44 of 1st period - Valtteri Filppula is hit by Alex Petrovic. 16:49 of 1st period - Jaden Schwartz is hit by Alex Petrovic and loses puck. 18:29 of 1st period - Shot by Brendan Perlini. 18:29 of 1st period - Stopped by Marc-Andre Fleury without a rebound. 18:30 of 1st period - Ryan O'Reilly wins face-off versus Sean Monahan in LAS VEGAS LIZARD KINGS zone. 19:21 of 1st period - Icing by Colton Parayko. 19:22 of 1st period - Derek Ryan wins face-off versus Ryan O'Reilly in EDMONTON ICE zone. 19:53 of 1st period - Shot by Jaden Schwartz. 19:53 of 1st period - Stopped by Marc-Andre Fleury without a rebound. 19:54 of 1st period - Sean Monahan wins face-off versus Eric Fehr in LAS VEGAS LIZARD KINGS zone. Goals for this period are 2 for EDMONTON ICE vs 1 for LAS VEGAS LIZARD KINGS. Shots for this period are 12 for EDMONTON ICE vs 5 for LAS VEGAS LIZARD KINGS. 2nd period 0:01 of 2nd period - Sean Monahan wins face-off versus Valtteri Filppula in neutral zone. 0:18 of 2nd period - Shot by Jaden Schwartz. 0:18 of 2nd period - Goal by Jaden Schwartz - EDMONTON ICE : 3 - LAS VEGAS LIZARD KINGS : 1. 0:19 of 2nd period - Ryan O'Reilly wins face-off versus Ryan Nugent-Hopkins in neutral zone. 0:40 of 2nd period - Shot by Ryan O'Reilly. 0:40 of 2nd period - Deflect By Anthony Mantha. 0:40 of 2nd period - Stopped by Marc-Andre Fleury with a rebound. 1:18 of 2nd period - Icing by Anthony Mantha. 1:19 of 2nd period - Ryan O'Reilly wins face-off versus Sean Monahan in EDMONTON ICE zone. 1:45 of 2nd period - Jaden Schwartz is hit by Mark Pysyk and loses puck. 1:50 of 2nd period - Shot by Valtteri Filppula. 1:50 of 2nd period - Shot Misses the Net. 2:24 of 2nd period - Minor Penalty to Alex Petrovic for Hooking. 2:25 of 2nd period - Derek Ryan wins face-off versus Tanner Pearson in LAS VEGAS LIZARD KINGS zone. 2:44 of 2nd period - Shot by Anthony Mantha. 2:44 of 2nd period - Shot Blocked by Derek Ryan. 2:46 of 2nd period - Shot by Conor Sheary. 2:46 of 2nd period - Shot Blocked by Brayden McNabb. 4:13 of 2nd period - Shot by Anthony Mantha. 4:13 of 2nd period - Goal by Anthony Mantha - EDMONTON ICE : 4 - LAS VEGAS LIZARD KINGS : 1. 4:14 of 2nd period - Oscar Lindberg wins face-off versus Evan Rodrigues in neutral zone. 4:27 of 2nd period - Shot by Oscar Lindberg. 4:27 of 2nd period - Shot Blocked by Keegan Lowe. 4:32 of 2nd period - Brendan Perlini is hit by Alex Petrovic and loses puck. 4:39 of 2nd period - Shot by Oscar Lindberg. 4:39 of 2nd period - Stopped by Marc-Andre Fleury without a rebound. 4:40 of 2nd period - Ryan Nugent-Hopkins wins face-off versus Eric Fehr in LAS VEGAS LIZARD KINGS zone. 4:57 of 2nd period - Shot by Ryan Nugent-Hopkins. 4:57 of 2nd period - Shot Misses the Net. 5:03 of 2nd period - Shot by Ryan Nugent-Hopkins. 5:03 of 2nd period - Stopped by Philipp Grubauer without a rebound. 5:04 of 2nd period - Sean Monahan wins face-off versus Ryan O'Reilly in EDMONTON ICE zone. 5:06 of 2nd period - Johnny Gaudreau is hit by Jeff Petry and loses puck. 6:18 of 2nd period - Shot by Jaden Schwartz. 6:18 of 2nd period - Stopped by Marc-Andre Fleury with a rebound. 6:50 of 2nd period - Icing by Jaden Schwartz. 6:51 of 2nd period - Ryan Nugent-Hopkins wins face-off versus Valtteri Filppula in EDMONTON ICE zone. 7:00 of 2nd period - Shot by Mike Ferland. 7:00 of 2nd period - Stopped by Philipp Grubauer with a rebound. 7:20 of 2nd period - Loui Eriksson is hit by Bobby Ryan and loses puck. 7:59 of 2nd period - Shot by Sean Monahan. 7:59 of 2nd period - Shot Misses the Net. 8:56 of 2nd period - Shot by Patric Hornqvist. 8:56 of 2nd period - Shot Misses the Net. 10:12 of 2nd period - Minor Penalty to Joel Armia for Hooking. 10:13 of 2nd period - Derek Ryan wins face-off versus Valtteri Filppula in LAS VEGAS LIZARD KINGS zone. 10:32 of 2nd period - Shot by Oscar Klefbom. 10:32 of 2nd period - Stopped by Marc-Andre Fleury with a rebound. 10:34 of 2nd period - Shot by Conor Sheary. 10:34 of 2nd period - Stopped by Marc-Andre Fleury without a rebound. 10:35 of 2nd period - Ryan Nugent-Hopkins wins face